 Dungeon Crawl Stone Soup version 0.30-a0-4-ga7cffc901d (webtiles) character file.

Game seed: 6581437479598600833

20057 Newt the Cleaver (level 12, -3/88 HPs)
             Began as a Demonspawn Gladiator on Aug 21, 2022.
             Was an Initiate of Gozag.
             Slain by a 20-headed hydra (8 damage)
             ... on level 12 of the Dungeon.
             The game lasted 00:26:49 (18170 turns).

Newt the Cleaver (Demonspawn Gladiator)            Turns: 18170, Time: 00:26:51

Health: -3/88      AC: 28    Str: 19    XL:     12   Next: 42%
Magic:  12/12      EV: 11    Int: 11    God:    Gozag
Gold:   877        SH: 13    Dex: 20    Spells: 11/11 levels left

rFire   . . .      SeeInvis +    i - +3 hand axe (venom)
rCold   + . .      Faith    .    z - +2 buckler {AC+3}
rNeg    + . .      Spirit   .    J - +3 plate armour {rC+}
rPois   +          Reflect  +    W - +0 helmet {SInv}
rElec   .          Harm     .    V - +1 cloak {Will+}
rCorr   .          Rampage  +    (gloves unavailable)
Will    ++++.                    U - +1 pair of boots {rampage}
Stlth   ..........               b - amulet "Siebba" {Reflect *Corrode Fly rN+ Will++ SH+5}
HPRegen 0.24/turn                j - +4 ring of evasion
MPRegen 0.13/turn                v - +6 ring of dexterity

@: flying
A: slimy green scales 3, demonic guardian 1, demonic willpower, demonic touch 3
a: Renounce Religion, Potion Petition, Call Merchant, Bribe Branch


You were on level 12 of the Dungeon.
You worshipped Gozag.
Gozag was pleased with you.
You visited 2 branches of the dungeon, and saw 13 of its levels.
You also visited: Ossuary and Bailey.

You collected 2508 gold pieces.
You spent 873 gold pieces at shops.
You paid 758 gold pieces to Gozag.

Inventory:

Hand Weapons
 a - a +0 rapier
 i - a +3 hand axe of venom (weapon)
Missiles
 e - 8 javelins (quivered)
 D - 17 poisoned darts
 S - a throwing net
Armour
 d - a +1 chain mail of fire resistance
 z - a +2 buckler of protection (worn)
 J - a +3 plate armour of cold resistance (worn)
 K - a +2 ring mail of willpower
 U - a +1 pair of boots of rampaging (worn)
 V - a +1 cloak of willpower (worn)
 W - a +0 helmet of see invisible (worn)
Jewellery
 b - the amulet "Siebba" (around neck) {Reflect *Corrode Fly rN+ Will++ SH+5}
   (You found it on level 11 of the Dungeon)

   [amulet of reflection]

   It reflects blocked missile attacks.
   rN:        It protects you from negative energy.
   Fly:       It grants you flight.
   *Corrode:  It may corrode you when you take damage.
   SH:        It affects your SH (+5).
   Will:      It greatly increases your willpower.
 h - an amulet of regeneration
 j - a +4 ring of evasion (left hand)
 v - a +6 ring of dexterity (right hand)
 y - a ring of protection from cold
 F - an amulet of guardian spirit
 N - a ring of wizardry
 Q - a +4 ring of evasion
 Z - a +4 ring of protection
Wands
 s - a wand of light (4)
 B - a wand of paralysis (4)
 C - a wand of digging (4)
Scrolls
 c - a scroll of fog {unknown}
 k - a scroll of magic mapping
 n - a scroll of identify
 q - 3 scrolls of teleportation
 R - a scroll of amnesia
 X - 2 scrolls of summoning
 Y - a scroll of enchant weapon
Potions
 f - a potion of haste {unknown}
 g - 2 potions of mutation
 l - 2 potions of flight
 m - 4 potions of lignification
 o - a potion of resistance
 r - a potion of might
 x - 4 potions of curing
 G - a potion of invisibility {unknown}
 L - 2 potions of cancellation
 O - a potion of magic {unknown}
 P - 2 potions of berserk rage


   Skills:
 - Level 6.0 Fighting
 - Level 2.6 Short Blades
 - Level 14.0 Axes
 - Level 4.0 Throwing
 + Level 5.7 Armour
 - Level 4.0 Dodging
 - Level 2.0 Stealth
 - Level 5.0 Shields
 - Level 8.0 Evocations


You had 11 spell levels left.
You didn't know any spells.
Your spell library contained the following spells:

 Spells                   Type           Power      Damage    Failure   Level
 Sandblast                Erth           0%         2d4       100%        1
 Summon Small Mammal      Summ           0%         N/A       100%        1
 Passwall                 Tmut/Erth      0%         N/A       100%        2
 Scorch                   Fire           0%         2d5       100%        2
 Sublimation of Blood     Necr           0%         N/A       100%        2
 Wereblood                Tmut           0%         N/A       100%        2
 Call Canine Familiar     Summ           0%         N/A       100%        3
 Dazzling Flash           Conj/Hex       0%         N/A       100%        3
 Frozen Ramparts          Ice            0%         1d1       100%        3
 Stone Arrow              Conj/Erth      0%         3d7       100%        3
 Summon Guardian Golem    Hex/Summ       0%         N/A       100%        3
 Flame Wave               Conj/Fire      0%         2d4       100%        4
 Ice Form                 Ice/Tmut       0%         N/A       100%        4
 Leda's Liquefaction      Hex/Erth       0%         N/A       100%        4
 Summon Ice Beast         Ice/Summ       0%         N/A       100%        4
 Agony                    Necr           0%         N/A       100%        5
 Fireball                 Conj/Fire      0%         3d3       100%        5
 Lee's Rapid Deconstruct  Erth           0%         3d5*      100%        5
 Silence                  Hex/Air        0%         N/A       100%        5
 Starburst                Conj/Fire      0%         6d3       100%        6
 Statue Form              Tmut/Erth      0%         N/A       100%        6
 Summon Cactus Giant      Summ           0%         N/A       100%        6
 Summon Hydra             Summ           0%         N/A       100%        7
 Ignition                 Fire           0%         3d3       100%        8


Dungeon Overview and Level Annotations

Branches:
Dungeon (12/15)            Temple (1/1) D:7            Lair (0/5) D:10
    Orc (0/2) D:9         Ossuary (visited)          Bailey (visited)

Altars:
Ashenzari
Cheibriados
Dithmenos
Fedhas
Gozag
Hepliaklqana
Kikubaaqudgha
Makhleb
Nemelex Xobeh
Okawaru
Qazlal
Ru
Sif Muna
Trog
Uskayaw
Vehumet
Wu Jian
Xom
Yredelemnul

Shops:
D:1 !   D:10 [

Annotations:
D:12 2 transporters, frimble's ghost, journeyman DsEE


Innate Abilities, Weirdness & Mutations

You are completely covered in slimy green scales. (AC +4, rPois)
A weak demonic guardian rushes to your aid.
You punish those that try to bend your will. (Will+)
Your touch may irresistibly damage your foes and sap their willpower.


Message History

The 20-headed hydra bites you but does no damage.
The 20-headed hydra barely misses you.
The 20-headed hydra bites you but does no damage.
The 20-headed hydra barely misses you. The 20-headed hydra bites you.
* * * LOW HITPOINT WARNING * * *
The 20-headed hydra bites you but does no damage.
The 20-headed hydra closely misses you. You block the 20-headed hydra's attack.
The 20-headed hydra bites you!
* * * LOW HITPOINT WARNING * * *
A demonic guardian appears!
The 20-headed hydra closely misses you. The 20-headed hydra barely misses you.
The 20-headed hydra closely misses you. The 20-headed hydra barely misses you.
Unknown command.
You completely miss the 20-headed hydra.
The 20-headed hydra is severely wounded.
The 20-headed hydra misses you. The 20-headed hydra barely misses you.
The 20-headed hydra bites you.
* * * LOW HITPOINT WARNING * * *
The 20-headed hydra bites you but does no damage.
The 20-headed hydra closely misses you. The 20-headed hydra misses you.
You block the 20-headed hydra's attack.
The 20-headed hydra bites you but does no damage. x2
The 20-headed hydra closely misses you. You block the 20-headed hydra's attack.
The 20-headed hydra closely misses you. The 20-headed hydra bites you.
* * * LOW HITPOINT WARNING * * *
The 20-headed hydra barely misses you.
The 20-headed hydra bites you but does no damage.
You block the 20-headed hydra's attack.
The 20-headed hydra bites you but does no damage. x4
You feel much better. The 20-headed hydra barely misses you.
You block the 20-headed hydra's attack.
The 20-headed hydra bites you but does no damage. x2
The 20-headed hydra bites you.
* * * LOW HITPOINT WARNING * * *
The 20-headed hydra bites you but does no damage.
You block the 20-headed hydra's attack. The 20-headed hydra bites you!
* * * LOW HITPOINT WARNING * * *
You block the 20-headed hydra's attack. x2; The 20-headed hydra bites you!
You die...
Your body crumbles into a pile of gold.

.....#.......####..#
..# #..#.
.....#.......# #..#
...# .............#
#..# ..©#
.....(..####.# #..#
#...# ........# #.#
#..# ....###.# #.#
#..# ....# #.#
#.####..#####. ....#
#.# #...<.........
....# #.#
#...D@4....... ....#
#.####.####..#####.
....###.D....# #..#
.......<.....# #..#
.....##......# #..#
.....##......# #..#
.....##......# #..#
....D##......# ..#
.##..##......#


You could see a 20-headed hydra (blind, very poisoned, ally target) and a
friendly hellwing (summoned).

Vanquished Creatures
  2 boulder beetles (D:11)
  2 two-headed ogres (D:9)
  The ghost of siradein the Changer, a novice OpTm of Gozag (D:6)
  Pikel (D:6)
  2 cyclopes (D:12)
  2 ugly things (D:12)
  A manticore (D:12)
  3 gargoyles
  2 unseen horrors
  Maggie (D:7)
  An unseen horror zombie (D:9)
  2 komodo dragons
  An unseen horror skeleton (D:6)
  4 yaktaurs (D:12)
  3 kobold demonologists
  2 trolls (D:10)
  Grinder (D:5)
  4 vampires
  A shadow (D:11)
  A wyvern (D:10)
  4 wraiths
  14 yaks (D:10)
  A steam dragon (D:8)
  A water moccasin (D:7)
  4 orc warriors
  A hornet zombie (D:5)
  3 ogres
  A centaur (D:5)
  2 phantoms
  2 lemures (D:6)
  5 kobold brigands
  An elf zombie (Ossuary)
  2 necrophages
  3 bullfrogs
  2 gnoll sergeants
  A wyvern zombie (D:9)
  2 scorpions
  15 wights
  7 killer bees
  8 howler monkeys
  6 wolf zombies (Bailey)
  8 vampire bats (Bailey)
  3 centaur zombies
  A bullfrog zombie (D:5)
  2 hounds
  3 human zombies
  5 orc priests
  2 iguanas
  3 jellies
  A gnoll bouda (D:5)
  Terence (D:2)
  14 orc wizards
  A scorpion zombie (D:5)
  3 killer bee zombies
  A hound skeleton (D:5)
  4 mummies
  A howler monkey skeleton (D:5)
  A howler monkey zombie (D:9)
  20 gnolls
  6 adders
  A howler monkey simulacrum (D:6)
  A white imp (D:7)
  2 ufetubi
  2 worms (D:3)
  4 dart slugs
  45 orcs
  4 bats
  7 endoplasms
  5 giant cockroaches
  3 gnoll zombies (Ossuary)
  13 goblins
  7 hobgoblins
  7 jackals
  3 quokkas (D:2)
  7 ball pythons
  A frilled lizard (D:1)
  2 goblin zombies (Ossuary)
  2 hobgoblin zombies
  32 kobolds
  A kobold zombie (D:4)
  22 orc zombies
  7 rats
380 creatures vanquished.

Vanquished Creatures (collateral kills)
  A vampire (D:10)
  A water moccasin (D:9)
  An orc warrior (D:9)
  A centaur (D:12)
  An orc (D:9)
  A goblin zombie (Ossuary)
6 creatures vanquished.

Grand Total: 386 creatures vanquished

Notes
Turn   | Place    | Note
-------+----------+-------------------------------------------
     0 | D:1      | Newt the Demonspawn Gladiator began the quest for the Orb.
     0 | D:1      | Reached XP level 1. HP: 16/16 MP: 1/1
    46 | D:1      | Found a faded altar of an unknown god.
    79 | D:1      | Reached skill level 1 in Stealth
   223 | D:1      | Gained mutation: You are partially covered in slimy green
                  | scales. (AC +2) [demonic ancestry]
   223 | D:1      | Reached XP level 2. HP: 22/22 MP: 2/2
   518 | D:1      | Reached skill level 1 in Axes
   825 | D:1      | Found Roamuka's Distillery.
   834 | D:1      | Bought a potion of lignification for 42 gold pieces
   889 | D:2      | Reached XP level 3. HP: 27/27 MP: 3/3
   906 | D:2      | Reached skill level 2 in Axes
  1419 | D:2      | Noticed Terence
  1454 | D:2      | Killed Terence
  1455 | D:2      | Gained mutation: A weak demonic guardian rushes to your
                  | aid. [demonic ancestry]
  1455 | D:2      | Reached XP level 4. HP: 11/33 MP: 4/4
  1772 | D:2      | Reached skill level 3 in Axes
  2511 | D:3      | Gained mutation: Your touch may inflict minor irresistible
                  | damage on your foes. [demonic ancestry]
  2511 | D:3      | Reached XP level 5. HP: 34/38 MP: 5/5
  2797 | D:4      | Found a sand-covered staircase.
  2805 | Ossuary  | Entered an ossuary
  2952 | Ossuary  | Reached skill level 4 in Axes
  3280 | Ossuary  | Reached XP level 6. HP: 30/48 MP: 6/6
  4151 | D:4      | Gained mutation: Your touch may inflict irresistible damage
                  | on your foes. [demonic ancestry]
  4151 | D:4      | Reached XP level 7. HP: 46/54 MP: 7/7
  4696 | D:5      | Entered Level 5 of the Dungeon
  4771 | D:5      | Reached skill level 1 in Evocations
  5321 | D:5      | Noticed Grinder
  5331 | D:5      | Killed Grinder
  5332 | D:5      | Gained mutation: You are mostly covered in slimy green
                  | scales. (AC +3) [demonic ancestry]
  5332 | D:5      | Reached XP level 8. HP: 60/60 MP: 8/8
  6234 | D:6      | Noticed Pikel
  6284 | D:6      | Reached skill level 5 in Shields
  6465 | D:6      | Reached skill level 1 in Armour
  6523 | D:6      | Found a runed translucent gate.
  6523 | D:6      | Found a runed translucent gate.
  6524 | D:6      | Found a runed translucent gate.
  6526 | D:6      | Noticed siradein's ghost (novice OpTm)
  6593 | D:6      | Killed Pikel
  6594 | D:6      | Gained mutation: Your touch may irresistibly damage your
                  | foes and sap their willpower. [demonic ancestry]
  6594 | D:6      | Reached XP level 9. HP: 39/65 MP: 9/9
  6610 | D:6      | Reached skill level 5 in Armour
  6925 | D:6      | Killed siradein's ghost
  6926 | D:6      | Reached skill level 6 in Axes
  7112 | D:7      | Reached skill level 7 in Axes
  7484 | D:7      | Noticed Maggie
  7502 | D:7      | Killed Maggie
  7503 | D:7      | Reached skill level 8 in Axes
  7503 | D:7      | Gained mutation: You are completely covered in slimy green
                  | scales. (AC +4, rPois) [demonic ancestry]
  7503 | D:7      | Reached XP level 10. HP: 28/73 MP: 6/10
  8071 | D:7      | Found a staircase to the Ecumenical Temple.
  8108 | Temple   | Entered the Ecumenical Temple
  8329 | Temple   | Became a worshipper of Gozag Ym Sagoz the Greedy
  8587 | D:8      | Reached skill level 5 in Fighting
  9429 | D:9      | Found a flagged portal.
  9433 | D:9      | Noticed a two-headed ogre
  9621 | D:9      | Reached skill level 9 in Axes
  9760 | D:9      | Found a staircase to the Orcish Mines.
  9815 | D:9      | Killed a two-headed ogre
  9844 | Bailey   | Entered a bailey
 10264 | Bailey   | Reached skill level 10 in Axes
 10382 | Bailey   | Reached skill level 5 in Evocations
 10583 | Bailey   | Noticed a gargoyle
 10595 | Bailey   | Killed a gargoyle
 11677 | D:9      | Noticed a two-headed ogre
 11693 | D:9      | Killed a two-headed ogre
 11694 | D:9      | Reached XP level 11. HP: 68/81 MP: 11/11
 12014 | D:9      | Found a basalt altar of Yredelemnul.
 12659 | D:10     | Entered Level 10 of the Dungeon
 13420 | D:10     | Found a staircase to the Lair.
 13677 | D:10     | Reached skill level 11 in Axes
 14519 | D:10     | Bought a pair of embroidered boots for 277 gold pieces
 14519 | D:10     | Bought a runed cloak for 277 gold pieces
 14519 | D:10     | Bought a shiny helmet for 277 gold pieces
 15181 | D:10     | Reached skill level 12 in Axes
 15667 | D:11     | Found a transporter.
 15667 | D:11     | Found a transporter.
 15667 | D:11     | Noticed a boulder beetle
 16248 | D:11     | Identified the amulet "Siebba" {Reflect *Corrode Fly rN+
                  | Will++ SH+5}
 16501 | D:11     | Killed a boulder beetle
 16502 | D:11     | Gained mutation: You punish those that try to bend your
                  | will. (Will+) [demonic ancestry]
 16502 | D:11     | Reached XP level 12. HP: 88/88 MP: 12/12
 16562 | D:12     | Noticed a boulder beetle
 16564 | D:12     | Reached skill level 13 in Axes
 16570 | D:12     | Noticed a six-headed hydra
 16590 | D:11     | Killed a boulder beetle
 17060 | D:12     | Noticed a four-headed hydra
 17615 | D:12     | Found a transporter.
 17619 | D:12     | Found a transporter.
 17619 | D:12     | Noticed frimble's ghost (journeyman DsEE)
 17706 | D:12     | Reached skill level 14 in Axes
 17904 | D:12     | Identified the +3 mace of the Magi {drain, Contam rCorr
                  | Dex+4}
 18169 | D:12     | HP: 4/88 [20-headed hydra (5)]
 18170 | D:12     | Slain by a 20-headed hydra

Illustrated notes

Levels and vault maps discovered:
D:1:      ebering_trefoil_twist, layout_basic,
          shapermc_ecumenical_altar_mp_highgroup, serial_shops,
          nicolae_lakefront_shop
D:2:      layout_basic, uniq_terence
D:3:      layout_basic
D:4:      layout_basic, elyvilon_altar_1, nicolae_ossuary_entry_giza,
          minmay_unequal
D:5:      layout_loops_cross, serial_undead, serial_undead_a, serial_undead_f,
          serial_undead_a, serial_undead_e, serial_undead_a, uniq_grinder
D:6:      layout_rooms, gammafunk_ghost_necromancy, uniq_pikel
D:7:      layout_basic, minmay_temple_entry_hall, uniq_maggie
D:8:      layout_basic
D:9:      layout_cross, lemuel_mausoleum_altar_yredelemnul, erik_orc_3,
          lightli_bailey_entry_fortress, nicolae_two_hexagons
D:10:     layout_loops_corners, lair_entry_dummy, st_stairs_1,
          grunt_ministairs_8
D:11:     gammafunk_boulding_lane, layout_irregular_city
D:12:     layout_long_grid, gammafunk_ghost_mausoleum
Temple:   nicolae_temple_bog_church

Skill      XL: |  1  2  3  4  5  6  7  8  9 10 11 12 |
---------------+-------------------------------------+-----
Stealth        | 1 2 |  2.0
Axes           | 1 2 3 4 8 10 12 14 | 14.0
Fighting       | 3 4 6 |  6.0
Dodging        | 4 |  4.0
Throwing       | 2 4 |  4.0
Evocations     | 4 7 8 |  8.0
Shields        | 2 5 |  5.0
Armour         | 4 5 |  5.7
Short Blades   | |  2.6

Action                   |  1- 3 |  4- 6 |  7- 9 | 10-12 || total
-------------------------+-------+-------+-------+-------++-------
Melee: Rapier            |    30 |       |       |       ||    30
       Hand axe          |    99 |   154 |   309 |  1175 ||  1737
       Punch             |     2 |       |       |       ||     2
       Touch             |       |    19 |     9 |       ||    28
Throw: Throwing net      |     1 |       |     1 |     3 ||     5
       Dart              |       |       |       |     1 ||     1
Invok: Call Merchant     |       |       |       |     1 ||     1
Evoke: Wand              |       |       |     4 |     7 ||    11
  Use: Scroll            |     5 |     5 |     6 |     7 ||    23
       Potion            |       |       |     2 |     3 ||     5
 Stab: Sleeping          |     5 |     4 |     2 |     4 ||    15
       Paralysed         |       |       |     5 |    31 ||    36
       Invisible         |       |       |     3 |       ||     3
       Distracted        |       |       |     1 |    11 ||    12
       Held in net/web   |       |       |       |     2 ||     2
Armor: Leather armour    |    28 |    26 |   101 |    24 ||   179
       Chain mail        |       |       |       |    94 ||    94
       Scale mail        |       |       |       |    62 ||    62
       Ring mail         |       |       |       |   178 ||   178
       Skin              |       |       |       |     1 ||     1
       Plate armour      |       |       |       |    67 ||    67
Dodge: Dodged            |   105 |    96 |   246 |   641 ||  1088
Block: Buckler           |       |       |    93 |   474 ||   567
       Reflection        |       |       |       |    19 ||    19

Table legend: (Time is in decaauts)
 A = Elapsed time spent in this place.
 B = Non-inter-level travel time spent in this place.
 C = Inter-level travel time spent in this place.
 D = Time resting spent in this place.
 E = Time spent auto-exploring this place.
 F = Levels seen in this place.
 G = Mean time per level.
                   A        B        C        D        E       F      G
               +--------+--------+--------+--------+--------+-----+--------+
         Total |  18051 |  17548 |    503 |   5321 |   8938 |  15 | 1203.4 |
       Dungeon |  15734 |  15265 |    469 |   4455 |   8022 |  12 | 1311.2 |
        Temple |    249 |    216 |     33 |      0 |    200 |   1 |  249.0 |
       Ossuary |    777 |    777 |      0 |    439 |    248 |   1 |  777.0 |
        Bailey |   1289 |   1289 |      0 |    427 |    468 |   1 | 1289.0 |
               +--------+--------+--------+--------+--------+-----+--------+

Top non-repeatable levels by time:
    D:10: 2640 daAuts
    D:11: 2157 daAuts
     D:9: 1899 daAuts
     D:5: 1517 daAuts
  Bailey: 1289 daAuts
     D:2: 1159 daAuts
     D:4: 1154 daAuts
     D:6: 1117 daAuts
     D:7: 1010 daAuts
     D:1: 887 daAuts
     D:8: 866 daAuts
 Ossuary: 777 daAuts
     D:3: 756 daAuts
    D:12: 569 daAuts
  Temple: 249 daAuts
